[Event "Team 45 45 League T85"]
[Site "Internet Chess Club"]
[Date "2020.08.03"]
[Round "5"]
[White "mongmong"]
[Black "Kidpython"]
[Result "1-0"]
[WhiteElo "1436"]
[BlackElo "1124"]
[Opening "Dutch"]
[ECO "A80"]
[Time "19:00:32"]
[TimeControl "2700+45"]

1. d4 f5 2. Nf3 Nf6 3. e3 e6 4. g3 Bd6 5. Bg2 b6 6. O-O Nc6 7. c4 Ne7 8. a3 Bb7
9. b4 Ng6 10. Bb2 a6 11. Nc3 Ne4 12. Rc1 e5 13. dxe5 Nxe5 14. Nxe5 Bxe5 15. Bxe4
Bxe4 16. Qd2 Qf6 17. Nxe4 fxe4 18. Bxe5 Qxe5 19. Rcd1 d6 20. Qd5 Qxd5 21. Rxd5
O-O 22. Rfd1 g6 23. R1d4 Rae8 24. c5 dxc5 25. bxc5 Rf5 26. cxb6 cxb6 27. Rxf5
gxf5 28. Rd6 Rb8 29. Rf6 a5 30. Rxf5 Rc8 31. Rb5 Rc3 32. Rxb6 Rxa3 33. Re6 Rb3
34. Rxe4 Rb4 35. Re8+ Kf7 36. Ra8 a4 37. Kg2 Ke6 38. Kf3 Kd5 39. Rh8 a3 40. Ra8
Rb3 41. Kf4 Kc4 42. f3 Kc3 43. e4 Kb2 44. Kg4 a2 45. Rxa2+ Kxa2 46. f4 Re3 47.
e5 Kb3 48. Kf5 Kc4 49. g4 Kd5 50. h4 Re4 51. h5 h6 52. g5 hxg5 53. Kxg5 Ke6 54.
h6 Kf7 55. Kf5 Re3 56. Kg5 Rg3+ 57. Kh5 Kg8 58. f5 Kh7 59. e6 Rh3+ 60. Kg5 Rg3+
61. Kf6 Rg8 62. Kf7 Rh8 63. f6 Kxh6 64. e7 Kg5 65. Ke6 Kg6 66. f7 Kg7 67. e8=Q
Rxe8+ 68. fxe8=Q Kh7 69. Qf7+ Kh8 70. Qf6+ Kh7 71. Qg5 Kh8 72. Kf7 Kh7 73. Qg6+
Kh8 74. Qh5# {Black checkmated} 1-0

[Event "Team 45 45 League T85"]
[Site "Internet Chess Club"]
[Date "2020.08.01"]
[Round "5"]
[White "JeffH"]
[Black "Insan996"]
[Result "1-0"]
[WhiteElo "1787"]
[BlackElo "1634"]
[Opening "Caro-Kann: Bronstein-Larsen variation"]
[ECO "B16"]
[Time "18:07:50"]
[TimeControl "2700+45"]

1. e4 c6 2. d4 d5 3. Nd2 dxe4 4. Nxe4 Nf6 5. Nxf6+ gxf6 6. c3 Bf5 7. Nf3 Qc7 8.
g3 e6 9. Bg2 Nd7 10. O-O h5 11. Nh4 Bg6 12. Re1 O-O-O 13. Nxg6 fxg6 14. Rxe6 Bd6
15. c4 c5 16. b4 cxd4 17. Rb1 Be5 18. Qf3 Nf8 19. Rxf6 Bxf6 20. Qxf6 Rh7 21.
Bh3+ Nd7 22. Bf4 Qb6 23. Qe5 Qf6 24. Qc7# {Black checkmated} 1-0

[Event "Team 45 45 League T85"]
[Site "Internet Chess Club"]
[Date "2020.08.04"]
[Round "5"]
[White "nidusin2"]
[Black "Redman1"]
[Result "1/2-1/2"]
[WhiteElo "1578"]
[BlackElo "1580"]
[Opening "Queen's pawn game"]
[ECO "A45"]
[Time "09:00:13"]
[TimeControl "2700+45"]

1. d4 Nf6 2. Nc3 e6 3. Bf4 Bb4 4. e3 b6 5. Bd3 Bb7 6. Nf3 Ne4 7. Bxe4 Bxe4 8.
O-O Bxc3 9. bxc3 d6 10. Nd2 Bb7 11. e4 Nd7 12. Qg4 Qf6 13. Bg3 Qg6 14. Qxg6 hxg6
15. f3 Rh5 16. c4 e5 17. c3 a5 18. Rfd1 Ba6 19. a4 Ke7 20. Kf2 c5 21. Ke3 f5 22.
Kd3 f4 23. Bf2 Rxh2 24. Rg1 Rah8 25. Ke2 R8h5 26. d5 Kf6 27. g3 fxg3 28. Rxg3
Rg5 29. Rag1 Rxg3 30. Rxg3 Rh1 31. Rg1 Rxg1 32. Bxg1 g5 33. Kd3 Kg6 34. Nf1
{Game drawn by mutual agreement} 1/2-1/2

[Event "Team 45 45 League T85"]
[Site "Internet Chess Club"]
[Date "2020.07.30"]
[Round "5"]
[White "GoIrish"]
[Black "Kingfisher75"]
[Result "1-0"]
[WhiteElo "1502"]
[BlackElo "1541"]
[Opening "Réti: King's Indian attack (Barcza system)"]
[ECO "A07"]
[Time "19:33:44"]
[TimeControl "2700+45"]

1. Nf3 d5 2. g3 c6 3. Bg2 Nf6 4. O-O Bf5 5. d3 e6 6. Nbd2 h6 7. c4 Nbd7 8. a3 a5
9. b3 Be7 10. Bb2 O-O 11. Rc1 Re8 12. cxd5 exd5 13. Re1 Bh7 14. e4 dxe4 15. dxe4
Nc5 16. Bxf6 Bxf6 17. Rxc5 Be7 18. Rc4 Bxa3 19. Rd4 Qb6 20. Nc4 Qc5 21. Nxa3
Qxa3 22. Nd2 Rad8 23. Nc4 Rxd4 24. Nxa3 Rxd1 25. Rxd1 Bxe4 26. Re1 {Black
resigns} 1-0

[Event "Team 45 45 League T85"]
[Site "Internet Chess Club"]
[Date "2020.08.03"]
[Round "5"]
[White "seattleblues"]
[Black "xingon"]
[Result "0-1"]
[WhiteElo "1256"]
[BlackElo "1380"]
[Opening "King's Indian defense, 3.Nc3"]
[ECO "E61"]
[Time "17:37:11"]
[TimeControl "2700+45"]

1. d4 Nf6 2. c4 g6 3. Nc3 Bg7 4. Nf3 d6 5. Bf4 O-O 6. e3 Bg4 7. h3 Bf5 8. Be2
Nbd7 9. O-O Re8 10. Nh4 Be4 11. Nxe4 Nxe4 12. Bf3 Ndf6 13. Bh2 c5 14. Qd3 Ng5
15. Bxb7 Rb8 16. Bc6 Rf8 17. dxc5 Qc7 18. Bb5 Qxc5 19. Qc2 Rxb5 20. Rfd1 Rbb8
21. Rab1 Nfe4 22. Rd5 Qc8 23. f3 Nxh3+ 24. gxh3 Nf6 25. Rd2 Qxh3 26. Ng2 Qxf3
27. Rf2 Qg4 28. b3 Rfc8 29. Kh1 Ne4 30. Rf4 Ng3+ 31. Bxg3 Qxg3 32. Kg1 Be5 33.
Rf2 h5 34. Kf1 h4 35. Ke2 h3 36. Nf4 Qg4+ 37. Kd3 g5 38. Nd5 Re8 39. Qd2 Qh5 40.
Rh1 g4 41. Qd1 Qg6+ 42. e4 g3 43. Nf4 Bxf4 44. Rxf4 f5 45. exf5 Qh6 46. Qg4+ Kf7
47. Rxh3 Qg7 48. Qh5+ Kf6 49. Qg6+ Qxg6 50. fxg6+ Kg5 51. Rf3 Kxg6 52. Rhxg3+
Kh5 53. Rf5+ Kh4 54. Rg1 Rg8 55. Rf4+ Kh3 56. Rf3+ Kh2 57. Rgf1 Rg2 58. Rf7 Rxa2
59. Kc3 Re2 60. Rh7+ Kg2 61. Rf5 Re3+ 62. Kd4 Rbxb3 63. Rg7+ Rg3 64. Rxg3+ Rxg3
65. Ra5 e5+ 66. Kd5 Rd3+ 67. Ke6 e4 68. Rg5+ Rg3 69. Rd5 e3 70. Rxd6 Rg6+ 71.
Kd7 Rxd6+ 72. Kxd6 e2 73. c5 e1=Q 74. c6 a5 75. c7 Qg3+ 76. Kd7 Qxc7+ 77. Kxc7
a4 78. Kb6 a3 79. Kb5 a2 {White resigns} 0-1

[Event "Team 45 45 League T85"]
[Site "Internet Chess Club"]
[Date "2020.08.01"]
[Round "5"]
[White "cadmiumorange"]
[Black "Ohanessian"]
[Result "0-1"]
[WhiteElo "1772"]
[BlackElo "2006"]
[Opening "Réti v Dutch"]
[ECO "A04"]
[Time "12:59:21"]
[TimeControl "2700+45"]

1. Nf3 f5 2. d3 d6 3. e4 e5 4. c3 Nf6 5. Bg5 Be7 6. Bxf6 Bxf6 7. Be2 O-O 8. O-O
Kh8 9. Nbd2 c5 10. Nc4 Nc6 11. Ne3 f4 12. Nd5 g5 13. Nd2 Be6 14. Bg4 Bf7 15. Bh5
Bxh5 16. Qxh5 Qd7 17. Qh6 Be7 18. Nc4 Rad8 19. a4 Rg8 20. f3 Rg6 21. Qh5 g4 22.
fxg4 Rg5 23. Qh3 Rdg8 24. Rf2 Rxg4 25. Kh1 Bh4 26. Rf3 R8g6 27. Raf1 Qg7 28. g3
Bxg3 29. hxg3 Rh6 30. Qxh6 Qxh6+ 31. Kg2 Qh4 32. Nxd6 Rxg3+ 33. Rxg3 Qxg3+ 34.
Kh1 Nd8 35. Nf5 Qxd3 {White resigns} 0-1

[Event "Team 45 45 League T85"]
[Site "Internet Chess Club"]
[Date "2020.08.02"]
[Round "5"]
[White "walkover"]
[Black "ulfbert"]
[Result "0-1"]
[WhiteElo "1739"]
[BlackElo "1830"]
[Opening "Dutch defense"]
[ECO "A81"]
[Time "13:30:21"]
[TimeControl "2700+45"]

1. d4 f5 2. g3 Nf6 3. Bg2 e6 4. Nf3 d5 5. O-O c6 6. c4 Bd6 7. Bf4 Bxf4 8. gxf4
O-O 9. e3 Nbd7 10. Qe2 Kh8 11. Nc3 Qe7 12. Kh1 Rg8 13. cxd5 exd5 14. Bh3 Ng4 15.
Rg1 Ndf6 16. Rg2 Be6 17. Rag1 g6 18. Bxg4 fxg4 19. Ne5 Bf5 20. Rc1 h6 21. Kg1
Kh7 22. f3 gxf3 23. Qxf3 Rg7 24. a3 Re8 25. Rg3 Nh5 26. Rg2 Qh4 27. b4 Bh3 28.
Rf2 g5 29. f5 g4 30. Qe2 g3 31. Rff1 gxh2+ 32. Kxh2 Bxf1# {White checkmated} 0-1

[Event "Team 45 45 League T85"]
[Site "Internet Chess Club"]
[Date "2020.08.02"]
[Round "5"]
[White "laurenpar"]
[Black "fileman"]
[Result "1-0"]
[WhiteElo "1900"]
[BlackElo "1856"]
[Opening "Scotch game"]
[ECO "C45"]
[Time "03:43:49"]
[TimeControl "2700+45"]

1. d4 Nc6 2. e4 e5 3. Nf3 exd4 4. Nxd4 Nxd4 5. Qxd4 Qf6 6. Be3 Qxd4 7. Bxd4 d6
8. Nc3 c6 9. O-O-O Be6 10. f4 f6 11. Be2 Nh6 12. h3 Be7 13. Kb1 b5 14. Bf3 Bd7
15. e5 fxe5 16. fxe5 Nf5 17. e6 Bxe6 18. Bxc6+ Kf7 19. Bxa8 Rxa8 20. Nxb5 Rb8
21. Nc3 Nxd4 22. Rxd4 Bf6 23. Rd3 a5 24. Nd1 Be5 25. Rf1+ Ke7 26. Ra3 Rb5 27.
Ra4 Bd5 28. Rf2 Bc6 29. Rc4 Bd7 30. b3 h5 31. Nc3 Rb8 32. Nd5+ Ke6 33. Nf4+ Ke7
34. Ng6+ Ke6 35. Nf8+ Ke7 36. Rc7 Rxf8 37. Rxf8 d5 38. Rxd7+ Kxd7 39. Rf5 {Black
resigns} 1-0

[Event "Team 45 45 League T85"]
[Site "Internet Chess Club"]
[Date "2020.08.03"]
[Round "5"]
[White "Eric1127"]
[Black "martineden"]
[Result "1/2-1/2"]
[WhiteElo "1778"]
[BlackElo "1892"]
[Opening "Pirc: classical, h3 system"]
[ECO "B08"]
[Time "10:00:55"]
[TimeControl "2700+45"]

1. e4 d6 2. d4 Nf6 3. Nc3 g6 4. Nf3 Bg7 5. h3 c5 6. Be3 cxd4 7. Nxd4 a6 8. Qd2
Nc6 9. O-O-O Nxd4 10. Bxd4 O-O 11. f4 Be6 12. g4 Qa5 13. Kb1 Rac8 14. Nd5 Qxd2
15. Nxf6+ Bxf6 16. Rxd2 Bxd4 17. Rxd4 Rc5 18. Bg2 b5 19. a4 Rfc8 20. c3 Bc4 21.
axb5 axb5 22. Rc1 b4 23. Bf3 bxc3 24. Rxc3 Bf1 25. Rxc5 dxc5 26. Rd1 Bb5 27. e5
h6 28. h4 f6 29. exf6 exf6 30. Rd6 Kg7 31. Ka2 Rc7 32. Kb3 Re7 33. Bd5 Re3+ 34.
Kc2 Re2+ 35. Kc3 Re3+ {Game drawn by mutual agreement} 1/2-1/2

[Event "Team 45 45 League T85"]
[Site "Internet Chess Club"]
[Date "2020.08.02"]
[Round "5"]
[White "bobhill"]
[Black "LookImYourVader"]
[Result "1-0"]
[WhiteElo "1845"]
[BlackElo "1757"]
[Opening "Queen's bishop game"]
[ECO "D02"]
[Time "15:08:24"]
[TimeControl "2700+45"]

1. d4 d5 2. Nf3 Nf6 3. Bf4 c5 4. e3 Qb6 5. Nbd2 Nc6 6. dxc5 Qxc5 7. c3 e6 8. Bd3
Be7 9. O-O O-O 10. a4 h6 11. a5 a6 12. h3 Nxa5 13. Ne5 Nc4 14. Nexc4 dxc4 15.
Nxc4 b5 16. b4 Qc6 17. Ne5 Qb6 18. Qe2 Bb7 19. Ng4 Qc6 20. f3 Nxg4 21. hxg4 Rac8
22. Rac1 Rfd8 23. Rfd1 Bf6 24. Be4 Qb6 25. Rxd8+ Rxd8 26. Bxb7 Qxb7 27. e4 Qd7
28. e5 Be7 29. Kf2 Qd3 30. Qxd3 Rxd3 31. Ke2 Rd5 32. Ra1 f6 33. Rxa6 fxe5 34.
Be3 Rd6 35. Ra8+ Kh7 36. Rb8 Rd5 37. Rb7 Bd6 38. Bf2 Kg6 39. Bh4 Bf8 40. Ke3 Bd6
41. Ke4 Bf8 42. Rb6 Kf7 43. Bf2 Kf6 44. Be3 Be7 45. f4 exf4 46. Bxf4 g5 47. Be3
Kf7 48. Rb7 Kf8 49. Bd4 Ke8 50. Ra7 Kf8 51. Ra8+ Kf7 52. Rb8 Kg6 53. Rb7 Bf6 54.
Rb6 Kf7 55. Rc6 Be7 56. Rc7 Kf8 57. Rc8+ Kf7 58. Rh8 Bf8 59. Rh7+ Kg6 60. Rc7 h5
61. Rc8 Be7 62. Rg8+ Kf7 63. Rg7+ Kf8 64. Rg6 Kf7 65. gxh5 g4 66. Rg7+ Kf8 67.
h6 Rh5 68. h7 e5 69. Rg8+ Kf7 70. h8=Q Rxh8 71. Rxh8 exd4 72. cxd4 Bxb4 73. Rh5
{Black resigns} 1-0

[Event "Team 45 45 League T85"]
[Site "Internet Chess Club"]
[Date "2020.07.30"]
[Round "5"]
[White "Ehab"]
[Black "haofangzhu"]
[Result "0-1"]
[WhiteElo "1869"]
[BlackElo "1782"]
[Opening "Ruy Lopez: 5.O-O"]
[ECO "C78"]
[Time "14:00:30"]
[TimeControl "2700+45"]

1. e4 e5 2. Nf3 Nc6 3. Bb5 a6 4. Ba4 Nf6 5. O-O b5 6. Bb3 Bc5 7. Nxe5 Nxe5 8. d4
Bxd4 9. Qxd4 d6 10. c3 O-O 11. Bg5 h6 12. Bh4 c5 13. Qd1 Bb7 14. f3 Ng6 15. Bg3
d5 16. e5 Nh5 17. Bf2 c4 18. Bc2 Nhf4 19. Bd4 Qg5 20. g3 Ne6 21. Bxg6 fxg6 22.
f4 Nxf4 23. Rxf4 Rxf4 24. Be3 Rf1+ 25. Qxf1 Qxe3+ 26. Qf2 Qc1+ 27. Qf1 Qxb2 28.
Nd2 Qxd2 29. Qf4 Qxf4 30. gxf4 Kf7 31. Kf2 Ke6 32. a4 d4 33. cxd4 b4 34. a5 Bd5
35. Ke3 b3 36. Kd2 Kf5 37. Kc3 Rb8 38. Rb1 Kxf4 39. Rf1+ Kg5 40. Kb2 h5 41. Re1
Kf5 42. h4 Ke6 43. Kc3 b2 44. Rb1 Rb3+ 45. Kd2 Be4 46. Rxb2 Rxb2+ 47. Kc3 Ra2
48. Kb4 c3 49. Kxc3 Rxa5 50. Kb4 Rb5+ 51. Kc4 Bd5+ 52. Kc3 Rb3+ 53. Kd2 Kf5 54.
e6 Bxe6 55. d5 Bxd5 56. Kc2 Ke4 {White resigns} 0-1

[Event "Team 45 45 League T85"]
[Site "Internet Chess Club"]
[Date "2020.08.01"]
[Round "5"]
[White "handsomematch"]
[Black "fishhead"]
[Result "0-1"]
[WhiteElo "1661"]
[BlackElo "1763"]
[Opening "Sicilian: Najdorf, Opocensky variation"]
[ECO "B92"]
[Time "13:01:50"]
[TimeControl "2700+45"]

1. e4 c5 2. Nf3 d6 3. d4 cxd4 4. Nxd4 Nf6 5. Nc3 a6 6. Be2 e5 7. Nb3 Be7 8. O-O
Be6 9. Be3 Nbd7 10. a4 b6 11. Qd2 Qc7 12. f3 O-O 13. Nd5 Nxd5 14. exd5 Bf5 15.
Bd3 Bxd3 16. Qxd3 f5 17. Rfe1 g6 18. Rac1 Rfc8 19. c4 Nc5 20. Nxc5 bxc5 21. b3
Rab8 22. Rb1 Rb7 23. Re2 Rcb8 24. Reb2 Bf6 25. Ra2 Qe7 26. Re2 e4 27. fxe4 fxe4
28. Qc2 Qe5 29. Bd2 Qd4+ 30. Be3 Qd3 31. Qxd3 exd3 32. Rd2 Rxb3 33. Rbd1 Ra3 34.
Rxd3 Rxa4 35. Rc1 Rb2 36. Rd2 Bd4 37. Rxb2 Bxe3+ 38. Kf1 Bxc1 39. Rb8+ Kg7 40.
Rb7+ Kf6 41. Rxh7 Rxc4 42. Ra7 Ke5 43. Rxa6 Kxd5 44. Ra2 Re4 {White resigns} 0-1

[Event "Team 45 45 League T85"]
[Site "Internet Chess Club"]
[Date "2020.08.04"]
[Round "5"]
[White "Goli"]
[Black "ChessJayden"]
[Result "1-0"]
[WhiteElo "1785"]
[BlackElo "1708"]
[Opening "Sicilian: Alapin's variation (2.c3)"]
[ECO "B22"]
[Time "14:00:31"]
[TimeControl "2700+45"]

1. e4 c5 2. c3 Nf6 3. e5 Nd5 4. d4 cxd4 5. cxd4 d6 6. Nf3 Nc6 7. Bc4 e6 8. O-O
Be7 9. a3 O-O 10. b4 dxe5 11. dxe5 Qc7 12. Bxd5 exd5 13. Qxd5 Be6 14. Qe4 Rad8
15. Nbd2 Rd5 16. Bb2 Rfd8 17. Nc4 b5 18. Ne3 R5d7 19. Rac1 Rc8 20. Nd4 Nxd4 21.
Rxc7 Ne2+ 22. Kh1 Rcxc7 23. f4 Nc3 24. Bxc3 Rxc3 25. f5 Bc4 26. Nxc4 Rxc4 27.
Qa8+ Bf8 28. e6 Rdc7 29. h3 Rc3 30. Rd1 Rc1 31. Rxc1 Rxc1+ 32. Kh2 Rc7 33. Qb8
fxe6 34. Qxc7 exf5 35. Qxa7 Bd6+ 36. g3 f4 37. gxf4 Bxf4+ 38. Kg2 g5 39. Qc5 h5
40. Qxb5 g4 41. hxg4 h4 42. Qc4+ Kh7 43. Qxf4 h3+ 44. Kxh3 Kg8 45. g5 Kg7 46.
Qf6+ Kg8 47. Qe7 Kh8 48. g6 Kg8 49. Qf7+ Kh8 50. Qh7# {Black checkmated} 1-0

[Event "Team 45 45 League T85"]
[Site "Internet Chess Club"]
[Date "2020.08.03"]
[Round "5"]
[White "eevee11"]
[Black "cityprosecutor"]
[Result "0-1"]
[WhiteElo "1420"]
[BlackElo "1664"]
[Opening "Pirc: Byrne variation"]
[ECO "B07"]
[Time "13:00:06"]
[TimeControl "2700+45"]

1. e4 d6 2. d4 Nf6 3. Nc3 g6 4. Bg5 Bg7 5. f4 h6 6. Bh4 c5 7. e5 Nh5 8. Nh3 Bxh3
9. gxh3 Nxf4 10. Qf3 g5 11. Qxb7 Nd7 12. Bg3 cxd4 13. Nb5 O-O 14. exd6 Qa5+ 15.
c3 dxc3 16. Kd1 Nc5 17. Qxe7 cxb2 18. Rb1 Qxa2 {White resigns} 0-1

[Event "Team 45 45 League T85"]
[Site "Internet Chess Club"]
[Date "2020.08.01"]
[Round "5"]
[White "Egmont"]
[Black "aec7r3b"]
[Result "1-0"]
[WhiteElo "1741"]
[BlackElo "1442"]
[Opening "Grünfeld: exchange variation"]
[ECO "D85"]
[Time "12:01:52"]
[TimeControl "2700+45"]

1. d4 Nf6 2. c4 g6 3. Nc3 d5 4. cxd5 Nxd5 5. e4 Nxc3 6. bxc3 Bg7 7. Qa4+ Nc6 8.
Nf3 O-O 9. Be3 Bd7 10. Qb3 Na5 11. Qc2 Rc8 12. Rc1 b6 13. Ba6 Rb8 14. h3 b5 15.
d5 e6 16. Bc5 Re8 17. O-O Nc4 18. a4 c6 19. dxc6 Bxc6 20. axb5 Bxb5 21. Bxb5
Rxb5 22. Bxa7 Qa5 23. Bd4 e5 24. Ra1 Qd8 25. Ba7 Bf8 26. Qa4 Nd6 27. Rfd1 Rb7
28. Be3 Qe7 29. Bc5 Qe6 30. Bxd6 Bxd6 31. Rxd6 Qxd6 32. Qxe8+ Kg7 33. Qxe5+ Qxe5
34. Nxe5 Re7 35. f4 f6 36. Nf3 Rxe4 37. Kf2 Rxf4 38. Ke3 Rc4 39. Kd3 Rc5 40. Kd4
Rc7 41. Rc1 Rd7+ 42. Kc5 Rc7+ 43. Kd6 Rf7 44. c4 Kf8 45. c5 Ke8 46. c6 Kd8 47.
Ra1 Kc8 48. Ra8# {Black checkmated} 1-0

[Event "Team 45 45 League T85"]
[Site "Internet Chess Club"]
[Date "2020.08.10"]
[Round "5"]
[White "LookImYourVader"]
[Black "Zugzwanged"]
[Result "1-0"]
[WhiteElo "1771"]
[BlackElo "1692"]
[Opening "Réti opening"]
[ECO "A05"]
[Time "15:02:20"]
[TimeControl "2700+45"]

1. Nf3 Nf6 2. b3 d5 3. Bb2 e6 4. g3 c5 5. Bg2 Nc6 6. O-O Bd6 7. d4 cxd4 8. Nxd4
O-O 9. c4 Nxd4 10. Qxd4 e5 11. Qd3 dxc4 12. Qxc4 Qe7 13. Nd2 Rb8 14. Ne4 Nxe4
15. Bxe4 Be6 16. Qa4 b6 17. Rfd1 Rbc8 18. Rac1 Rc7 19. Rxc7 Qxc7 20. Rc1 Qe7 21.
Qc6 g6 22. Rd1 Rd8 23. Qb5 f6 24. Bd5 Bxd5 25. Qxd5+ Kg7 26. Ba3 Bxa3 27. Qxd8
Qc5 28. Qd7+ Kh6 29. Qh3+ Kg7 30. Rd7+ Kf8 31. Qxh7 Qc1+ 32. Kg2 Qc6+ 33. f3 Qe6
34. Rd8+ {Black resigns} 1-0

[Event "Team 45 45 League T85"]
[Site "Internet Chess Club"]
[Date "2020.08.02"]
[Round "5"]
[White "zugknightly"]
[Black "trombone"]
[Result "0-1"]
[WhiteElo "1685"]
[BlackElo "1783"]
[Opening "English: Neo-Catalan declined"]
[ECO "A14"]
[Time "14:07:55"]
[TimeControl "2700+45"]

1. c4 e6 2. g3 d5 3. Bg2 Nf6 4. Nf3 Be7 5. O-O O-O 6. Qc2 b6 7. cxd5 exd5 8. d4
c5 9. Nc3 Nc6 10. a3 h6 11. Rd1 Bb7 12. h3 Rc8 13. e3 a6 14. dxc5 bxc5 15. Rb1
Na5 16. Qe2 Qc7 17. Nd2 Rfe8 18. Qf1 Rcd8 19. b4 cxb4 20. axb4 Nc6 21. b5 axb5
22. Nxb5 Qc8 23. Ba3 Bxa3 24. Nxa3 Ba6 25. Qe1 Ne5 26. Nb3 Bd3 27. Rbc1 Qa6 28.
Nc2 Bc4 29. Nbd4 Nd3 30. Nb4 Nxe1 31. Nxa6 Nxg2 32. Nc7 Rf8 33. Kxg2 Rb8 34. Rb1
Rfc8 35. Ncb5 Ne4 36. f3 Bxb5 37. Nxb5 Rc2+ 38. Kg1 Nxg3 39. Rxd5 Ne2+ 40. Kf1
Ng3+ 41. Kg1 Ne2+ 42. Kf1 Ra8 43. Rdd1 Raa2 44. Ra1 Ng3+ {White resigns} 0-1

[Event "Team 45 45 League T85"]
[Site "Internet Chess Club"]
[Date "2020.08.04"]
[Round "5"]
[White "doudou2011"]
[Black "WillC"]
[Result "0-1"]
[WhiteElo "1518"]
[BlackElo "1583"]
[Opening "Queen's Indian defense"]
[ECO "A47"]
[Time "17:02:07"]
[TimeControl "2700+45"]

1. d4 Nf6 2. Nf3 b6 3. g3 Bb7 4. Bg2 d5 5. O-O e6 6. c4 Be7 7. Nc3 O-O 8. Bf4 a6
9. cxd5 exd5 10. Rc1 Nbd7 11. Re1 c5 12. dxc5 Nxc5 13. Nd4 Re8 14. a3 Rc8 15.
Bh3 Ra8 16. b4 Nce4 17. f3 Nd6 18. Nb1 Nc4 19. Nd2 b5 20. Nxc4 dxc4 21. Nf5 Bf8
22. e4 Qb6+ 23. Be3 Qc6 24. Nd4 Qc7 25. Bf4 Qd8 26. Re2 Bc8 27. Bxc8 Rxc8 28.
Rc3 Qb6 29. Be3 Red8 30. Rd2 Qb7 31. Bg5 Qb6 32. e5 h6 33. Bxf6 gxf6 34. Kg2
fxe5 35. Nf5 Qf6 36. Ne3 Rxd2+ 37. Qxd2 Rd8 38. Qc1 Qd6 39. Rc2 Qd3 40. Ng4 Bg7
41. Nf2 Qd4 42. Ng4 e4 43. Rf2 exf3+ 44. Kxf3 Qd5+ 45. Ke2 Qd3+ 46. Ke1 Bc3+
{White resigns} 0-1

[Event "Team 45 45 League T85"]
[Site "Internet Chess Club"]
[Date "2020.08.01"]
[Round "5"]
[White "ascoli"]
[Black "kabindra"]
[Result "1-0"]
[WhiteElo "1623"]
[BlackElo "1696"]
[Opening "Réti: King's Indian attack (Barcza system)"]
[ECO "A07"]
[Time "12:02:19"]
[TimeControl "2700+45"]

1. Nf3 d5 2. g3 Bg4 3. Bg2 Nc6 4. O-O e5 5. d3 Qd7 6. Nbd2 f6 7. e4 d4 8. h3
Bxh3 9. Nxe5 Nxe5 10. Qh5+ g6 11. Qxh3 O-O-O 12. f4 Ng4 13. Nc4 h5 14. f5 gxf5
15. Rxf5 Qh7 16. Bf3 Qg6 17. Rxh5 Nh6 18. Bxh6 Bxh6 19. Qxg4+ Qxg4 20. Bxg4+ Kb8
21. Kg2 Rhg8 22. Rxh6 Rxg4 23. Rxf6 Rdg8 24. Rf3 b6 25. Ne5 R4g5 26. Rf8+ {Black
resigns} 1-0

[Event "Team 45 45 League T85"]
[Site "Internet Chess Club"]
[Date "2020.08.01"]
[Round "5"]
[White "Conjurer"]
[Black "dabodhi"]
[Result "0-1"]
[WhiteElo "1175"]
[BlackElo "1305"]
[Opening "French: advance variation"]
[ECO "C02"]
[Time "13:03:23"]
[TimeControl "2700+45"]

1. e4 e6 2. d4 d5 3. e5 c5 4. c3 Qb6 5. Nf3 Nc6 6. Be3 Nge7 7. Qc2 Nf5 8. Na3 a6
9. g4 Nxe3 10. fxe3 cxd4 11. exd4 Be7 12. Bd3 h6 13. O-O Bd7 14. Qf2 O-O-O 15.
Rab1 Rdf8 16. Kh1 f5 17. exf6 Rxf6 18. Qe2 Qc7 19. Ne5 Nxe5 20. Qxe5 Bd6 21. Qe2
Rhf8 22. Kg2 Bxh2 23. Kh1 Bf4 24. Rf3 e5 25. Bc2 Bxg4 {White resigns} 0-1

[Event "Team 45 45 League T85"]
[Site "Internet Chess Club"]
[Date "2020.08.02"]
[Round "5"]
[White "Just-Jim"]
[Black "kabubi"]
[Result "0-1"]
[WhiteElo "1230"]
[BlackElo "1132"]
[Opening "Four knights: Gunsberg variation"]
[ECO "C44"]
[Time "14:00:19"]
[TimeControl "2700+45"]

1. e4 e5 2. Nf3 Nc6 3. a3 Nf6 4. Nc3 Bc5 5. h3 d5 6. exd5 Nxd5 7. Bc4 Be6 8. d3
Nxc3 9. bxc3 Bxc4 10. Qe2 Bd5 11. Nxe5 Qe7 12. f4 Qh4+ 13. Kf1 O-O 14. d4 Bb6
15. Be3 Nxe5 16. fxe5 f5 17. Bf2 Qe4 18. Qxe4 Bxe4 19. Rc1 f4 20. Re1 Bd5 21. e6
Bc4+ 22. Kg1 Rae8 23. e7 Rf7 24. Bh4 f3 25. Re3 f2+ 26. Bxf2 Rexe7 27. Rxe7 Rxe7
28. Rh2 c6 29. g3 Re2 30. h4 Rxc2 31. h5 Rc1+ 32. Kg2 Bf1+ 33. Kf3 Rxc3+ 34. Kf4
Rc2 35. Kf3 Bxd4 36. g4 Rxf2+ 37. Rxf2 Bxf2 38. Kxf2 Bc4 39. Ke3 b5 40. Ke4 a5
41. g5 b4 42. axb4 a4 43. Kd4 Bb3 44. Kc3 Bd1 45. h6 gxh6 46. gxh6 Kf7 47. Kb2
Kg6 48. Kc1 Bb3 49. Kb2 Kxh6 50. Kb1 Kg5 51. Kb2 h5 52. Kb1 h4 {White resigns}
0-1

[Event "Team 45 45 League T85"]
[Site "Internet Chess Club"]
[Date "2020.08.04"]
[Round "5"]
[White "WzeroMN"]
[Black "rhayder"]
[Result "0-1"]
[WhiteElo "1080"]
[BlackElo "1164"]
[Opening "Ruy Lopez: closed, 9.h3"]
[ECO "C96"]
[Time "17:12:30"]
[TimeControl "2700+45"]

1. e4 e5 2. Nf3 Nc6 3. Bb5 a6 4. Ba4 Nf6 5. O-O Be7 6. Re1 b5 7. Bb3 O-O 8. c3
d6 9. h3 Na5 10. Bd5 Nxd5 11. exd5 Bb7 12. b4 Nc4 13. d3 Nb6 14. d4 exd4 15.
cxd4 Nxd5 16. a3 Bf6 17. Ra2 Re8 18. Rae2 Rxe2 19. Rxe2 Qd7 20. Bg5 Bxg5 21.
Nxg5 Nf4 22. Re4 Bxe4 {White resigns} 0-1

[Event "Team 45 45 League T85"]
[Site "Internet Chess Club"]
[Date "2020.08.01"]
[Round "5"]
[White "clarinetref"]
[Black "mongmong"]
[Result "1/2-1/2"]
[WhiteElo "1438"]
[BlackElo "1431"]
[Opening "English: Romanishin gambit"]
[ECO "A13"]
[Time "19:35:22"]
[TimeControl "2700+45"]

1. Nf3 e6 2. c4 Nf6 3. g3 a6 4. Bg2 b5 5. cxb5 axb5 6. a4 Rxa4 7. Rxa4 bxa4 8.
Qxa4 Be7 9. Nc3 O-O 10. O-O c6 11. b4 Qb6 12. Ba3 Ba6 13. Rb1 Bb5 14. Nxb5 cxb5
15. Qd1 d5 16. d4 Rc8 17. Rc1 Rc7 18. Rxc7 Qxc7 19. Ne5 Na6 20. Qd2 Ne8 21. Bh3
Nd6 22. Qf4 Bf6 23. Ng4 Ne8 24. Nxf6+ Nxf6 25. Qxc7 Nxc7 26. Bc1 Na6 27. Bd2 Ne4
28. Be1 Nd6 29. f3 Nc4 30. e4 dxe4 31. fxe4 Ne3 32. d5 exd5 33. exd5 Nxd5 34.
Bd7 Ndxb4 35. Bxb5 Kf8 36. Kf2 Ke7 37. Bxa6 Nxa6 38. Bc3 g6 39. Ke3 Nb8 40. Ke4
Ke6 41. g4 Nd7 42. h4 Nb6 43. h5 f6 44. hxg6 hxg6 45. Bd4 Nd5 46. Kf3 Nb4 47.
Ke4 Nc6 48. Be3 Ne7 49. Bc5 Nd5 50. Bd4 f5+ 51. gxf5+ gxf5+ 52. Kf3 Ne7 53. Kf4
Ng6+ 54. Kg5 Ne5 55. Kf4 Nd3+ 56. Ke3 Nb4 57. Kf4 Nd5+ 58. Kf3 Kf7 59. Be5 Kg6
60. Bb8 Kg5 61. Bh2 Nb4 62. Bf4+ Kf6 63. Bd6 Nd5 64. Bh2 Ke6 65. Bb8 Nf6 66. Kf4
Nh5+ 67. Kf3 Kd5 68. Bc7 Ng7 69. Bb8 Ne6 70. Bh2 Nc5 71. Kf4 Ke6 72. Kf3 Nb3 73.
Bb8 Nd2+ 74. Kf4 Nb3 75. Kf3 Nc5 76. Kf4 Nd3+ 77. Kf3 Kd5 78. Bh2 Ne1+ 79. Kf4
Ke6 80. Bg3 Nd3+ 81. Kf3 Ne5+ 82. Kf4 Ng6+ 83. Kf3 Kd5 84. Bb8 Kd4 85. Ba7+ Kd3
86. Bb8 Kd2 87. Bf4+ Ke1 88. Bg3+ Kf1 89. Bf4 Kg1 90. Bc7 Kf1 91. Bb8 Ke1 92.
Bg3+ Kd2 93. Bf4+ Kd3 94. Bc7 Kd4 95. Bb8 Kd5 96. Bh2 Ke6 97. Bb8 Ne5+ 98. Kf4
Nc4 99. Kf3 Nd2+ 100. Kf4 Ne4 101. Bc7 Nc3 102. Bb8 Ne2+ 103. Kf3 Nd4+ 104. Kf4
Nc6 105. Bc7 Ne7 106. Bb8 Kf6 107. Be5+ Ke6 108. Bb8 Nc6 109. Bc7 Na7 110. Kf3
Nb5 111. Bh2 Nd6 112. Kf4 Nb5 113. Kf3 Nc3 114. Bf4 Nd5 115. Bh2 Nb6 116. Kf4
Nc4 117. Kf3 Nb2 118. Bb8 Nd3 119. Bh2 Ne5+ 120. Kf4 Ng4 121. Bg3 Kf6 122. Kf3
Kg6 123. Bf4 Nf6 124. Be5 Nh5 125. Bb8 Kg5 126. Bc7 Nf6 127. Bf4+ Kg6 128. Be5
Nh5 129. Bc7 Kg5 130. Bd8+ Nf6 131. Bc7 Nd5 132. Bd6 Nc3 133. Bf4+ Kg6 134. Be5
Nd5 135. Bd6 f4 136. Bxf4 {Game drawn because neither player has mating
material} 1/2-1/2